 Dungeon Crawl Stone Soup version 0.22.1-5-g62c59d9 (webtiles) character file.

192 dvd the Chopper (level 5, -9/28 HPs)
             Began as a Vine Stalker Fighter on Jan 7, 2019.
             Killed by divine providence
             ... invoked by an orc priest
              (11 damage)
             ... on level 3 of the Dungeon.
             The game lasted 00:04:51 (1941 turns).

dvd the Chopper (Vine Stalker Fighter)              Turns: 1941, Time: 00:04:52

Health: -9/28      AC:  8    Str: 18    XL:     5   Next: 71%
Magic:  0/6        EV:  7    Int:  8    God:
Gold:   82         SH:  9    Dex: 15    Spells: 4/4 levels left

rFire    . . .     SeeInvis .   a - +0 war axe
rCold    . . .     Gourm    .   c - +0 shield
rNeg     + . .     Faith    .   b - +0 scale mail
rPois    .         Spirit   +   (no helmet)
rElec    .         Reflect  .   (no cloak)
rCorr    .         Harm     .   (no gloves)
MR       .....                  (no boots)
Stlth    ..........             (no amulet)
HPRegen  0.49/turn              k - ring of positive energy
MPRegen  0.10/turn              o - +2 ring of protection

@: no status effects
A: fangs 2, regeneration 1, magic shield, antimagic bite, no potion heal 3, rot
immunity
a: no special abilities


You were on level 3 of the Dungeon.
You were not hungry.

You visited 1 branch of the dungeon, and saw 3 of its levels.

You collected 82 gold pieces.

Inventory:

Hand Weapons
 a - a +0 war axe (weapon)
Armour
 b - a +0 scale mail (worn)
 c - a +0 shield (worn)
Jewellery
 k - a ring of positive energy (left hand)
 o - a +2 ring of protection (right hand)
Wands
 s - a wand of acid (11)
Scrolls
 g - a scroll of amnesia {unknown}
 h - a scroll of immolation {unknown}
 i - a scroll of teleportation {unknown}
 l - 2 scrolls of fear {unknown}
 p - a scroll of remove curse {unknown}
 q - a scroll of identify {unknown}
Potions
 d - a potion of might
 e - 2 potions of mutation {unknown}
 j - 3 potions of heal wounds {unknown}
 m - a potion of lignification {unknown}
 n - 2 potions of cancellation {unknown}
 r - a potion of degeneration {unknown}
 u - a potion of curing {unknown}
Comestibles
 f - 2 rations
 t - 9 chunks of flesh


   Skills:
 + Level 3.2 Fighting
 + Level 3.8 Axes
 + Level 3.1 Armour
 + Level 0.5 Dodging
 + Level 3.2 Shields


You had 4 spell levels left.
You didn't know any spells.
Your spell library contained the following spells:

 Spells                   Type           Power        Failure   Level  Hunger
 Beastly Appendage        Tmut           #.....       99%         1    ##.....
 Confusing Touch          Hex            #.....       99%         1    ##.....
 Sticks to Snakes         Tmut           #.......     100%        2    ###....
 Confuse                  Hex            #.......     100%        3    ####...
 Gell's Gravitas          Tloc           #.........   100%        3    ####...
 Spider Form              Tmut/Pois      #.........   100%        3    ####...
 Ice Form                 Ice/Tmut       #.......     100%        4    #####..
 Petrify                  Tmut/Erth      #.......     100%        4    #####..
 Blade Hands              Tmut           #.........   100%        5    ######.
 Metabolic Englaciation   Hex/Ice        #.........   100%        5    ######.
 Yara's Violent Unravell  Hex/Tmut       #.........   100%        5    ######.


Dungeon Overview and Level Annotations

Branches:
Dungeon (3/15)

Altars:
Qazlal


Innate Abilities, Weirdness & Mutations

You have extremely sharp teeth.
Your natural rate of healing is unusually fast.
When hurt, damage is shared between your health and your magic reserves.
Your bite disrupts and absorbs the magic of your enemies.
Potions cannot restore your health.
You are immune to rotting.


Message History

You completely miss the orc wizard.
The orc wizard is almost dead.
The orc wizard barely misses you.
The orc priest calls down the wrath of Beogh upon you.
Beogh smites you!
* * * LOW HITPOINT WARNING * * *
The orc wizard hits you but does no damage.
The orc wizard points at you and mumbles some strange words.
You resist with some effort.
Found a stone staircase leading down.
You block the orc wizard's attack. The orc wizard casts a spell at you.
The magic dart hits you!
* * * LOW HITPOINT WARNING * * *
The orc priest calls upon Beogh to heal the orc wizard.
The orc wizard is healed somewhat.
The orc priest looks braver for a moment.
The orc priest mumbles some strange prayers to Beogh against you.
Beogh smites you!
You die...

#####....#.##.###.#.o....
.........#.#......o.oo...
.#######.# #.#.##g#.o...
.#<....#.#...#.##o# ...
.........#####.##.# .
.....#.#.# #.##.#
##.....#.#####..#.#
......# .......#o#
##....# #..@.# #.###
#.#..# .# # #..# .# #.>#
##.# #.# ..# ##


You could see 2 orc priests, an orc wizard and a hobgoblin.

Vanquished Creatures
  A crimson imp (D:3)
  A jelly (D:2)
  4 adders
  An ooze (D:3)
  4 worms
  3 dart slugs
  2 leopard geckos
  5 orcs (D:3)
  6 giant cockroaches
  7 goblins
  8 hobgoblins
  5 jackals
  3 kobolds
  A ball python (D:3)
  6 bats
  4 frilled lizards
  6 rats
67 creatures vanquished.

Notes
Turn   | Place    | Note
-------+----------+-------------------------------------------
     0 | D:1      | dvd the Vine Stalker Fighter began the quest for the Orb.
     0 | D:1      | Reached XP level 1. HP: 11/11 MP: 2/2
   172 | D:1      | Reached XP level 2. HP: 13/16 MP: 3/3
   478 | D:1      | Reached XP level 3. HP: 17/19 MP: 4/4
   993 | D:2      | Gained mutation: Your natural rate of healing is unusually
                  | fast. [Vine Stalker growth]
   993 | D:2      | Reached XP level 4. HP: 24/24 MP: 3/5
  1523 | D:2      | Reached XP level 5. HP: 28/28 MP: 6/6
  1671 | D:3      | Found a stormy altar of Qazlal.
  1941 | D:3      | Killed from afar by an orc priest

Skill      XL: |  1  2  3  4 |
---------------+-------------+-----
Axes           | 2 3 |  3.8
Shields        | 3 |  3.2
Fighting       | 3 |  3.2
Armour         | 3 |  3.1
Dodging        | |  0.5

Action                   |  1- 3 |  4- 6 || total
-------------------------+-------+-------++-------
Melee: War axe           |    96 |   129 ||   225
       Bite              |    24 |    27 ||    51
  Eat: Chunk             |       |     4 ||     4
Armor: Scale mail        |    61 |    71 ||   132
Dodge: Dodged            |    27 |    47 ||    74
Block: Shield            |    54 |    55 ||   109
